[Event "*** Titled Tuesday Blitz"]
[Site "Chess.com"]
[Date "2020.10.20"]
[Round "3"]
[White "Berardino"]
[Black "MarkkuH"]
[Result "1-0"]
[WhiteElo "2586"]
[BlackElo "2370"]
[TimeControl "180+1"]
[EndTime "10:31:40 PDT"]
[Termination "Berardino won by checkmate"]

1. e4 c5 2. Nf3 g6 3. d4 cxd4 4. Nxd4 Nf6 5. Nc3 Nc6 6. Nxc6 bxc6 7. e5 Ng8 8. Bc4 Bg7 9. O-O Bxe5 10. Re1 Bg7 11. Bg5 Nf6 12. Qe2 d5 13. Bb3 Be6 14.
Na4 Ne4 15. Bh4 O-O 16. f3 Nf6 17. Nc5 Qd6 18. Nxe6 Qxe6 19. Qxe6 fxe6 20. Rxe6 Kf7 21. Rae1 Rfe8 22. Rxc6 Rad8 23. Rc7 a5 24. Ba4 Rc8 25.
Bxe8+ Rxe8 26. c3 h6 27. Bxf6 Bxf6 28. Rd7 Rb8 29. Re2 Rb5 30. a4 Rc5 31. Rd2 Rc4 32. R7xd5 Rxa4 33. g3 Ra1+ 34. Kg2 a4 35. Ra5 h5 36. f4 Ra2 37. Rf2 Ra1 38. h4 Ra2 39. f5 g5 40. hxg5 Bxg5 41. Re2 Bf6 42. Kf3 Ra1 43.
Ke4 Rg1 44. Re3 Ra1 45. Rd3 Ra2 46. Kd5 Rxb2 47. Rxa4 Rb5+ 48. Ke4 Re5+ 49. Kf4 Re1 50. Kf3 Rf1+ 51. Ke4 Re1+ 52. Re3 Rd1 53. Rf3 Rc1 54.
Kd3 Rd1+ 55. Kc2 Rg1 56. Re4 Rg2+ 57. Kd3 Rg1 58. Re2 Rd1+ 59. Rd2 Rc1 60. Rc2 Rd1+ 61. Ke2 Ra1 62. c4 Ra6 63. c5 Rc6 64. Rb3 Bd4 65. Kd3 Rxc5 66. Rxc5 Bxc5 67. Ke4 Bd6 68. Kf3 Kf6 69.
Rb5 Kg5 70. f6+ Kxf6 71. Rxh5 Kg6 72. Rb5 Kf6 73. Kg4 Kg6 74. Rg5+ Kf6 75. Rh5 Kg6 76.
Rh1 Kf6 77. Re1 Kg6 78. Kf3 Kf5 79. g4+ Kg5 80. Rb1 Kg6 81. Rb5 Kf6 82. g5+ Kg6 83.
Kg4 Ba3 84. Rb6+ Bd6 85. Rc6 Kf7 86. Kf5 Kg7 87. Ra6 Kf7 88. g6+ Kg7 89. Ra2 Bc5 90. Kg5 Be3+ 91. Kh5 Bc5 92. Ra1 Bd6 93. Rf1 Bc5 94.
Rf7+ Kg8 95. Kg5 Be3+ 96. Kf5 Bc5 97. Ke6 Bd6 98. Kf5 Bc5 99. Kg5 Be3+ 100. Kh5 Bc5 101. Rf3 Bd6 102. Kh6 Bc5 103. g7 Bd6 104. Rf8# 1-0

[Event "*** Titled Tuesday Blitz"]
[Site "Chess.com"]
[Date "2020.10.20"]
[Round "3"]
[White "mamonika"]
[Black "garfield_pg"]
[Result "0-1"]
[WhiteElo "1994"]
[BlackElo "2306"]
[TimeControl "180+1"]
[EndTime "10:31:50 PDT"]
[Termination "garfield_pg won on time"]

1. e4 c5 2. Nf3 a6 3. d4 cxd4 4. Nxd4 Nf6 5. Nc3 e5 6. Nf3 Bb4 7. Bd3 d5 8. exd5 e4 9. Qe2 O-O 10. Bxe4 Nxe4 11. Qxe4 Re8 12. Ne5 Bxc3+ 13. bxc3 f6 14.
O-O Rxe5 15. Qh4 Rxd5 16. c4 Rd4 17. Qg3 Rxc4 18. Qb3 b5 19. a4 Be6 20. axb5 Nd7 21. bxa6 Nc5 22. Qe3 Qc8 23. Ba3 Bf7 24. Rfd1 Rxa6 25.
Bxc5 Rxa1 26. Rxa1 Rxc5 27. Qe4 Rxc2 28. h4 Rc1+ 29.
Rxc1 Qxc1+ 30. Kh2 Qc8 31. g4 h6 32. g5 Qe6 33. Qa8+ Qe8 34. Qf3 fxg5 35. hxg5 hxg5 36. Qg4 Bg6 37. Qxg5 Qf7 38. Kg3 Qf6 39. Qg4 Kf7 40.
Qd7+ Qe7 41. Qd5+ Qe6 42. Qb7+ Kf6 43. Qf3+ Qf5 44. Qc6+ Qe6 45. Qc3+ Ke7 46. Qxg7+ Bf7 47. Qg5+ Ke8 48. Qb5+ Kf8 49. Qc5+ Kg7 50. Qg5+ Kf8 51.
Qd8+ Be8 52. Qg5 Bd7 53. Qf4+ Ke8 54. Qb8+ Kf7 55. Qf4+ Kg6 56. f3 Qh3+ 57. Kf2 Kh7 58. Qe4+ Bf5 59. Qe7+ Kg6 60. Qe8+ Kg7 61. Qe7+ Kh6 62.
Qf8+ Kh7 63. Qf7+ Kh8 64. Qf6+ Kg8 65. Qd8+ Kf7 66. Qc7+ Ke8 67. Qb8+ Ke7 68. Qe5+ Be6 69. Qg7+ Kd6 70. Qd4+ Bd5 71. Qf6+ Kc5 72. Qc3+ Bc4 73.
Qe5+ Kb4 74. Qb8+ Kc3 75. Qe5+ Kc2 76. Qe4+ Bd3 77. Qc6+ Kd1 78. Qc7 Qf1+ 79. Ke3 Qe2+ 80. Kd4 Qxf3 81. Qe5 Be2 82. Qe3 Qf6+ 83. Qe5 Qh4+ 84.
Qe4 Qh8+ 85. Qe5 Qh1 86. Qe4 Qg1+ 87. Qe3 Qg2 88. Qe4 Qg7+ 89. Qe5 Qa7+ 90. Qc5 Qa4+ 91. Ke3 Qb3+ 92. Ke4 Qd3+ 93. Ke5 Qg3+ 94. Kd5 Bf3+ 95. Kd4 Qf2+ 96. Kc4 Be2+ 97. Kb4 Qf4+ 98.
Ka5 Qd2+ 99. Kb6 Qd8+ 100. Kb7 Bf3+ 101. Ka7 Qa8+ 102. Kb6 Qb7+ 103. Ka5 Be2 104. Ka4 Qa6+ 105. Kb3 Qd3+ 106. Kb4 Qb1+ 107. Kc3 Qa1+ 108. Kb4 Bd3 109. Qc3 Qa6 0-1

[Event "*** Titled Tuesday Blitz"]
[Site "Chess.com"]
[Date "2020.10.20"]
[Round "3"]
[White "amintabatabaei"]
[Black "German_Bazeev"]
[Result "1/2-1/2"]
[WhiteElo "2949"]
[BlackElo "2708"]
[TimeControl "180+1"]
[EndTime "10:33:46 PDT"]
[Termination "Game drawn by 50-move rule"]

1. Nf3 Nf6 2. g3 g6 3. Bg2 Bg7 4. O-O d5 5. d4 O-O 6. c3 c6 7. a4 a5 8. Na3 Bg4 9. Nc2 Bxf3 10. Bxf3 Nbd7 11. Bf4 Re8 12. Bg2 e5 13. dxe5 Nxe5 14.
Nd4 Qb6 15. Ra3 Rad8 16. Rb3 Qa6 17. Re1 Nc4 18. e3 Ne4 19. Bf1 Nc5 20. Ra3 Qa7 21. Ra2 h6 22. h4 Ne4 23. Nf3 Ncd6 24. Qc2 Qa8 25. Bh3 f5 26. h5 g5 27. Bxd6 Rxd6 28. Bxf5 Rf6 29. Bxe4 Rxe4 30. Nd2 Re7 31. Raa1 Qe8 32. e4 Rfe6 33. Re3 d4 34. cxd4 Bxd4 35.
Rd3 Ba7 36. Qb3 Kh7 37. Rf3 Qxh5 38. Rf1 Qe8 39. Rf5 Rf7 40. Qf3 Kg7 41. Nc4 Bd4 42.
b3 b6 43. Rd1 c5 44. Rxf7+ Qxf7 45. Qxf7+ Kxf7 46. Re1 g4 47. Kg2 Rf6 48. Re2 Rf3 49.
Nxb6 Rxb3 50. Nc4 Rb4 51. Nxa5 Rxa4 52. Nc6 Ke6 53. e5 Ra6 54. Nd8+ Ke7 55. Nb7 Rb6 56. Nd6 Ke6 57. Nc4 Rb4 58. Ne3 Bxe3 59. Rxe3 c4 60. Kf1 Rb3 61. Re4 h5 62. Rxc4 Rb5 63.
Rc6+ Kxe5 64. Rh6 Ke4 65. Rf6 Rf5 66. Re6+ Re5 67. Rf6 Rf5 68. Ra6 Re5 69. Kg2 Kf5 70.
Ra8 Kg5 71. Rg8+ Kh6 72. Kf1 Re6 73. Rf8 Kg6 74. Rd8 Re5 75. Rd6+ Kg5 76. Rd8 Re6 77. Rf8 Re5 78. Rg8+ Kh6 79. Kg1 Re6 80. Ra8 Kg5 81.
Ra5+ Kg6 82. Kg2 Re7 83. Kf1 Re6 84. Rd5 Re7 85. Rd6+ Kg5 86. Kg1 Re5 87. Kg2 Re2 88. Rd5+ Kg6 89. Kf1 Re6 90. Rd4 Kg5 91. Rd8 Kg6 92.
Rg8+ Kh6 93. Rf8 Re5 94. Rf6+ Kg5 95. Ra6 Re7 96. Ra4 Kg6 97. Ra3 Kg5 98. Kg2 Kg6 99. Ra2 Kg5 100. Rb2 Kg6 101. Rb5 Re6 102. f4 gxf3+ 103.
Kxf3 Rf6+ 104. Kg2 Re6 105. Kh3 Re4 106. Rb6+ Kg5 107. Rb5+ Kg6 108. Rd5 Ra4 109. Rd3 Kg5 110. Rc3 Kg6 111.
Rb3 Kg5 112. Rb6 Rc4 113. Rd6 Rb4 114. Rd5+ Kg6 115. Re5 Ra4 116. Kg2 Rb4 117. Kf3 Ra4 118. Rd5 Rb4 119. Ra5 Rc4 120. Kf2 Rc2+ 121. Ke3 Rc3+ 122. Kf4 Rc4+ 123. Kf3 Rc3+ 124. Kg2 Rc2+ 125. Kh3 Rc4 126. Re5 Kh6 127. Re6+ Kg5 128. Rd6 Rb4 129. Rd3 Ra4 130. Rb3 Rc4 131. Rb5+ Kg6 132. Rb1 Rd4 133. Rf1 Kg5 134. Rf2 Rd1 135. Rb2 Rd4 136. Rc2 Kg6 137. Re2 Kg5 138. Kg2 Kg6 139. Kf3 Kg5 140. Re3 Rb4 141. Rc3 Kg6 142. Rc6+ Kg5 143. Rc5+ Kg6 144. Re5 Rb3+ 145. Kg2 Rb4 146. Re3 Rc4 147. Rd3 Rb4 148. Rc3 Rd4 149. Kf3 Ra4 150. Rc5 Rb4 151. Ra5 Rc4 152. Kg2 Rb4 153. Kh3 1/2-1/2

[Event "*** Titled Tuesday Blitz"]
[Site "Chess.com"]
[Date "2020.10.20"]
[Round "4"]
[White "WuinaterJr"]
[Black "SophieNikoladze"]
[Result "1-0"]
[WhiteElo "2507"]
[BlackElo "2281"]
[TimeControl "180+1"]
[EndTime "10:35:20 PDT"]
[Termination "WuinaterJr won by resignation"]

1. d4 b5 2. Nf3 Bb7 3. e3 a6 4. c4 b4 5. Bd3 e6 6. O-O c5 7. a3 Nf6 8. axb4 cxb4 9. b3 d5 10.
Nbd2 Be7 11. Re1 O-O 12. e4 dxe4 13. Nxe4 Qxd4 14. Nxd4 1-0

[Event "*** Titled Tuesday Blitz"]
[Site "Chess.com"]
[Date "2020.10.20"]
[Round "4"]
[White "nitpicker"]
[Black "JiiHart"]
[Result "1-0"]
[WhiteElo "2299"]
[BlackElo "2058"]
[TimeControl "180+1"]
[EndTime "10:35:26 PDT"]
[Termination "nitpicker won by resignation"]

1. d4 Nf6 2. c4 e6 3. g3 c5 4.
d5 exd5 5. cxd5 d6 6. Nc3 g6 7.
Nf3 Bg7 8. Nd2 O-O 9. Nc4 b5 10. Nxb5 Qa5+ 11. Nxa5 1-0

[Event "*** Titled Tuesday Blitz"]
[Site "Chess.com"]
[Date "2020.10.20"]
[Round "4"]
[White "MoreChessJulia"]
[Black "Colombiano07"]
[Result "1-0"]
[WhiteElo "1997"]
[BlackElo "2208"]
[TimeControl "180+1"]
[EndTime "10:35:38 PDT"]
[Termination "MoreChessJulia won by resignation"]

1. d4 d5 2. c4 c6 3. Nf3 Nf6 4. Nc3 a6 5. e3 Bf5 6. h3 e6 7.
Ne5 Nbd7 8. g4 Be4 9. f3 Bg6 10. h4 h5 11. Nxg6 fxg6 12. Qc2 Kf7 13. Bd3 hxg4 14. Bxg6+ Ke7 15. fxg4 Nxg4 16. e4 Ndf6 17. e5 1-0

[Event "*** Titled Tuesday Blitz"]
[Site "Chess.com"]
[Date "2020.10.20"]
[Round "4"]
[White "Natalya_Buksa"]
[Black "rududuyk"]
[Result "1-0"]
[WhiteElo "2551"]
[BlackElo "2161"]
[TimeControl "180+1"]
[EndTime "10:35:40 PDT"]
[Termination "Natalya_Buksa won by resignation"]

1. d4 e6 2. Nc3 f5 3. e4 fxe4 4. Nxe4 Nf6 5. Bg5 Be7 6. Bxf6 Bxf6 7. Qh5+ g6 8. Nxf6+ Qxf6 9. Qg4 O-O 10. O-O-O Qxf2 11. Nf3 d6 12. Bc4 d5 13. Bd3 e5 14. Qg5 exd4 15.
Qxd5+ Kh8 16. Qe5+ 1-0

[Event "*** Titled Tuesday Blitz"]
[Site "Chess.com"]
[Date "2020.10.20"]
[Round "4"]
[White "ArjunErigaisi2003"]
[Black "SGchess01"]
[Result "1-0"]
[WhiteElo "3039"]
[BlackElo "2813"]
[TimeControl "180+1"]
[EndTime "10:35:52 PDT"]
[Termination "ArjunErigaisi2003 won by resignation"]

1. g3 d5 2. d4 Nf6 3. Bg2 h6 4.
Nf3 Bf5 5. O-O e6 6. c4 Nbd7 7. Qb3 Rb8 8. cxd5 exd5 9. Nc3 c6 10. Bf4 Ra8 11. Qxb7 Qc8 12. Qxc8+ Rxc8 13. Rac1 Bb4 14. Nb5 g5 15. Bd6 a5 16. Bxb4 axb4 17. Nd6+ 1-0

[Event "*** Titled Tuesday Blitz"]
[Site "Chess.com"]
[Date "2020.10.20"]
[Round "4"]
[White "biostatistician"]
[Black "davigator"]
[Result "1-0"]
[WhiteElo "2541"]
[BlackElo "2344"]
[TimeControl "180+1"]
[EndTime "10:36:08 PDT"]
[Termination "biostatistician won by resignation"]

1. d4 Nf6 2. Nf3 e6 3. c4 Bb4+ 4. Nbd2 b6 5. a3 Be7 6. e4 d5 7. e5 Nfd7 8. Bd3 c5 9. O-O Nc6 10. Re1 cxd4 11. cxd5 Ncxe5 12. Nxe5 Nxe5 13. Rxe5 Bf6 14. Bb5+ Kf8 15. Re1 Qxd5 16. Bd3 Rb8 17. Be4 Qd7 18. Nf3 h6 19. Bf4 1-0

[Event "*** Titled Tuesday Blitz"]
[Site "Chess.com"]
[Date "2020.10.20"]
[Round "4"]
[White "Guenplen"]
[Black "LawrenceTrent"]
[Result "1-0"]
[WhiteElo "2844"]
[BlackElo "2524"]
[TimeControl "180+1"]
[EndTime "10:36:49 PDT"]
[Termination "Guenplen won by resignation"]

1. Nf3 Nc6 2. d4 d5 3. Bf4 Bf5 4. e3 e6 5. Bd3 Bxd3 6. Qxd3 Bd6 7.
Bg3 f5 8. c4 Bb4+ 9. Nc3 Nf6 10. O-O Bxc3 11. bxc3 O-O 12. cxd5 Nxd5 13. c4 Nf6 14. Qb3 b6 15. Rfd1 Na5 16. Qa4 Qd7 17.
Qxd7 Nxd7 18. Rac1 h6 19. d5 exd5 20. cxd5 Nc5 21.
Bxc7 Rf7 22. Rxc5 bxc5 23. Bxa5 1-0

[Event "*** Titled Tuesday Blitz"]
[Site "Chess.com"]
[Date "2020.10.20"]
[Round "4"]
[White "TheCastleHunter"]
[Black "Swarnapuri"]
[Result "0-1"]
[WhiteElo "2359"]
[BlackElo "2618"]
[TimeControl "180+1"]
[EndTime "10:36:53 PDT"]
[Termination "Swarnapuri won by resignation"]

1. e4 Nc6 2. d4 e5 3. d5 Nce7 4. f4 Ng6 5. fxe5 Qh4+ 6. Kd2 Qxe4 7. Nc3 Bb4 8. Qf3 Qxe5 9. Qe3 Nf6 10. Bc4 Ne4+ 11.
Kd1 Nxc3+ 12. bxc3 Bxc3 13. Qxe5+ Nxe5 14. Rb1 Nxc4 0-1

[Event "*** Titled Tuesday Blitz"]
[Site "Chess.com"]
[Date "2020.10.20"]
[Round "4"]
[White "Rud_Makarian"]
[Black "grunbergmihai"]
[Result "1-0"]
[WhiteElo "2751"]
[BlackElo "2504"]
[TimeControl "180+1"]
[EndTime "10:37:00 PDT"]
[Termination "Rud_Makarian won by resignation"]

1. d4 f5 2. Bg5 g6 3. Nf3 Bg7 4. e3 Nf6 5. Nc3 Ne4 6. Bd3 Nxg5 7. Nxg5 e5 8. h4 h6 9. Bxf5 hxg5 10. Bxg6+ Kf8 11.
Nd5 Bf6 12. dxe5 Kg7 13. exf6+ Kxg6 14. Qd3+ Kf7 15. O-O-O gxh4 16. Rh3 c6 17. Ne7 d5 18. Qg6+ Ke6 19. e4 Qe8 20. f7+ 1-0

[Event "*** Titled Tuesday Blitz"]
[Site "Chess.com"]
[Date "2020.10.20"]
[Round "4"]
[White "chito89"]
[Black "doons21"]
[Result "1-0"]
[WhiteElo "2815"]
[BlackElo "2560"]
[TimeControl "180+1"]
[EndTime "10:37:04 PDT"]
[Termination "chito89 won by resignation"]

1. c4 Nf6 2. Nc3 g6 3. g3 Bg7 4. Bg2 O-O 5. Nf3 d6 6. O-O c6 7. d3 a5 8. Rb1 e5 9. a3 Re8 10. Bg5 Be6 11. b4 axb4 12. axb4 Qd7 13. c5 h6 14. Bxf6 Bxf6 15. Ne4 Be7 16. cxd6 Bxd6 17. Nf6+ 1-0

[Event "*** Titled Tuesday Blitz"]
[Site "Chess.com"]
[Date "2020.10.20"]
[Round "4"]
[White "Zhigalko_Sergei"]
[Black "PhileKhoob"]
[Result "1-0"]
[WhiteElo "2932"]
[BlackElo "2542"]
[TimeControl "180+1"]
[EndTime "10:37:04 PDT"]
[Termination "Zhigalko_Sergei won by resignation"]

1. e4 c5 2. Nf3 d6 3. d4 cxd4 4. Qxd4 Nc6 5. Bb5 Bd7 6. Bxc6 Bxc6 7. Nc3 Nf6 8. Bg5 e6 9. O-O-O Be7 10. Rhe1 O-O 11. Kb1 a6 12. Qd2 Qc7 13. Nd4 Rac8 14. f3 b5 15. g4 b4 16. Nce2 a5 17. Ng3 Rb8 18. Nh5 Nxh5 19. Bxe7 Rfc8 20. Nxc6 Qxc6 21.
gxh5 1-0

[Event "*** Titled Tuesday Blitz"]
[Site "Chess.com"]
[Date "2020.10.20"]
[Round "4"]
[White "Omk124"]
[Black "bascheyaro"]
[Result "0-1"]
[WhiteElo "2488"]
[BlackElo "2727"]
[TimeControl "180+1"]
[EndTime "10:37:08 PDT"]
[Termination "bascheyaro won by resignation"]

1. e4 e6 2. d4 d5 3. Nd2 c5 4.
exd5 exd5 5. Ngf3 Nc6 6. Bb5 c4 7. O-O Bd6 8. b3 cxb3 9. axb3 Ne7 10. c4 O-O 11. Bb2 a6 12. Ba4 Bf5 13. Re1 Nb4 14. Nh4 Bc2 15. Qc1 Ng6 16. Nxg6 Bxg6 17. Re3 Nc2 18. Nf3 Nxa1 19. Qxa1 b5 0-1

[Event "*** Titled Tuesday Blitz"]
[Site "Chess.com"]
[Date "2020.10.20"]
[Round "4"]
[White "plumalka"]
[Black "ZverevLev"]
[Result "1-0"]
[WhiteElo "2427"]
[BlackElo "2275"]
[TimeControl "180+1"]
[EndTime "10:37:15 PDT"]
[Termination "plumalka won by resignation"]

1. e4 c5 2. Nf3 d6 3. d4 cxd4 4. Nxd4 Nf6 5. Nc3 a6 6. Nb3 Nc6 7. Bd3 e5 8. O-O Be6 9. Kh1 Be7 10.
f4 O-O 11. f5 Bxb3 12. axb3 b5 13. Bg5 Qd7 14. Bxf6 Bxf6 15. Nd5 Ra7 16. Nxf6+ gxf6 17. Qh5 Kh8 18. Rf3 Rg8 19. Rh3 Rg7 20. g4 Nb4 21. g5 Nxd3 22. cxd3 Qe7 23. Qh6 1-0

[Event "*** Titled Tuesday Blitz"]
[Site "Chess.com"]
[Date "2020.10.20"]
[Round "4"]
[White "Anton_Demchenko"]
[Black "Quiet_Desperation"]
[Result "1-0"]
[WhiteElo "2821"]
[BlackElo "1826"]
[TimeControl "180+1"]
[EndTime "10:37:27 PDT"]
[Termination "Anton_Demchenko won by resignation"]

1. e4 Nc6 2. Nf3 d5 3. exd5 Qxd5 4. Nc3 Qd6 5. d4 Nf6 6. Nb5 Qd8 7. Bf4 Nd5 8. Bg3 a6 9. Nc3 Nxc3 10. bxc3 e6 11. Bd3 Be7 12. O-O O-O 13. Qe2 g6 14. Bf4 b6 15. Rad1 Bb7 16. Rfe1 Bf6 17. Ne5 Qe7 18. Ng4 Bg7 19. d5 Nd8 20. c4 h5 21. Nh6+ Kh7 22.
Qxh5 f5 23. Qh3 g5 24. Nxf5+ 1-0

[Event "*** Titled Tuesday Blitz"]
[Site "Chess.com"]
[Date "2020.10.20"]
[Round "4"]
[White "pedro_nascimento85"]
[Black "jlmanzanares"]
[Result "0-1"]
[WhiteElo "2001"]
[BlackElo "2251"]
[TimeControl "180+1"]
[EndTime "10:37:30 PDT"]
[Termination "jlmanzanares won by checkmate"]

1. d4 Nf6 2. c4 g6 3. Nc3 Bg7 4. e4 d6 5. Be2 O-O 6. Nf3 e5 7. d5 a5 8. Bg5 Na6 9. Nd2 h6 10. Be3 Nh7 11. O-O f5 12. f3 h5 13. a3 Bd7 14. b3 f4 15. Bf2 Bf6 16.
Rb1 Bh4 17. b4 Bxf2+ 18. Rxf2 axb4 19. axb4 Qh4 20. c5 g5 21. Kh1 Kh8 22. Rf1 g4 23.
Qe1 g3 24. h3 Bxh3 25. gxh3 Qxh3+ 26. Kg1 Qh2# 0-1

[Event "*** Titled Tuesday Blitz"]
[Site "Chess.com"]
[Date "2020.10.20"]
[Round "4"]
[White "glebus008"]
[Black "kingofthenil"]
[Result "1-0"]
[WhiteElo "2334"]
[BlackElo "2434"]
[TimeControl "180+1"]
[EndTime "10:37:43 PDT"]
[Termination "glebus008 won by resignation"]

1. e4 Nc6 2. Nf3 d5 3. exd5 Qxd5 4. Nc3 Qh5 5. Be2 Bg4 6. d3 O-O-O 7. O-O e5 8. Ne4 f5 9. Ng3 Qg6 10. h3 Bxf3 11. Bxf3 Nf6 12. Bxc6 bxc6 13. Qf3 e4 14. dxe4 fxe4 15. Qb3 Bd6 16. Qa4 Bxg3 17. fxg3 Nd5 18. Qxa7 Qxg3 19. c4 Nb6 20. Bf4 Qxf4 21. Rxf4 Rhe8 22. Rf7 e3 1-0

[Event "*** Titled Tuesday Blitz"]
[Site "Chess.com"]
[Date "2020.10.20"]
[Round "4"]
[White "mamonika"]
[Black "katchesskat"]
[Result "0-1"]
[WhiteElo "1990"]
[BlackElo "2240"]
[TimeControl "180+1"]
[EndTime "10:37:43 PDT"]
[Termination "katchesskat won by resignation"]

1. e4 c5 2. Nf3 e6 3. d4 cxd4 4. Nxd4 a6 5. Be2 Qc7 6. O-O b5 7. a4 Bb7 8. Bf3 bxa4 9. Rxa4 Nf6 10. Nc3 d6 11. Ndb5 axb5 12. Nxb5 Qb6 13. Rxa8 Bxa8 14. Qd3 Be7 15. Be3 Qd8 16. Ra1 Bc6 17. Ra7 O-O 0-1

[Event "*** Titled Tuesday Blitz"]
[Site "Chess.com"]
[Date "2020.10.20"]
[Round "4"]
[White "ezkybel"]
[Black "OhanyanEminChess"]
[Result "1/2-1/2"]
[WhiteElo "2453"]
[BlackElo "2650"]
[TimeControl "180+1"]
[EndTime "10:37:45 PDT"]
[Termination "Game drawn by agreement"]

1. e4 e5 2. Nf3 Nc6 3. Nc3 Nf6 4. d4 exd4 5. Nd5 Be7 6. Bc4 O-O 7. O-O d6 8. Nxe7+ Qxe7 9. Re1 Be6 10. Bb5 Bg4 11. Bxc6 bxc6 12. h3 Bxf3 13. Qxf3 Rae8 14. Bg5 Qe5 15. Bxf6 Qxf6 16. Qxf6 gxf6 17. Rad1 c5 18.
f3 Rb8 19. b3 a5 20. a4 Rb4 21. f4 Rfb8 22. e5 fxe5 23. fxe5 c4 24. exd6 cxd6 25. Rxd4 cxb3 26. Rxb4 Rxb4 27. cxb3 Rxb3 28. Re8+ Kg7 29.
Ra8 d5 30. Rxa5 Ra3 31. Rxd5 Rxa4 1/2-1/2

[Event "*** Titled Tuesday Blitz"]
[Site "Chess.com"]
[Date "2020.10.20"]
[Round "4"]
[White "bait_or_mate"]
[Black "YIYUKI"]
[Result "0-1"]
[WhiteElo "2591"]
[BlackElo "2339"]
[TimeControl "180+1"]
[EndTime "10:37:47 PDT"]
[Termination "YIYUKI won by resignation"]

1. d4 Nf6 2. c4 g6 3. Nc3 Bg7 4. e4 d6 5. Nf3 O-O 6. Be2 e5 7.
O-O exd4 8. Nxd4 Re8 9. f3 Nc6 10. Be3 Nh5 11. Nxc6 bxc6 12. Qd2 f5 13. exf5 Bxf5 14.
g4 Qh4 15. gxf5 Rxe3 16. Ne4 Nf4 17. Rae1 Rxe4 18. fxe4 Qg5+ 19. Kf2 Nh3+ 20. Kf3 Qxd2 0-1

[Event "*** Titled Tuesday Blitz"]
[Site "Chess.com"]
[Date "2020.10.20"]
[Round "4"]
[White "VMikhalevski"]
[Black "Koalaskakistis"]
[Result "1-0"]
[WhiteElo "2702"]
[BlackElo "2465"]
[TimeControl "180+1"]
[EndTime "10:37:49 PDT"]
[Termination "VMikhalevski won by resignation"]

1. Nf3 f5 2. d3 d6 3. d4 e6 4. Nc3 Be7 5. e4 fxe4 6. Nxe4 Nf6 7. Bd3 O-O 8. O-O Nc6 9. c3 e5 10. dxe5 dxe5 11. Bc4+ Kh8 12. Qxd8 Nxd8 13. Re1 Bd6 14.
Nxd6 cxd6 15. Rd1 Bg4 16. Rxd6 Bxf3 17. gxf3 Nc6 18. Be3 Nh5 19. Rd7 Rxf3 20. Be2 Nf6 21. Rxb7 Rf5 22. Rd1 Rf8 23. Rd6 Nd8 24. Rb8 Ne6 25.
Rxf8+ Nxf8 26. Rd8 Nd7 27. Bg4 Rf4 28. Bxf4 1-0

[Event "*** Titled Tuesday Blitz"]
[Site "Chess.com"]
[Date "2020.10.20"]
[Round "4"]
[White "Nastya_Rakhmangulova"]
[Black "Bwert2602"]
[Result "1/2-1/2"]
[WhiteElo "2438"]
[BlackElo "2348"]
[TimeControl "180+1"]
[EndTime "10:37:51 PDT"]
[Termination "Game drawn by agreement"]

1. e4 c5 2. Nf3 Nc6 3. d4 cxd4 4. Nxd4 e5 5. Nb5 a6 6. Nd6+ Bxd6 7. Qxd6 Qf6 8. Qd1 Qg6 9. Nc3 Nf6 10. Qd6 Ng4 11.
Qxg6 hxg6 12. Nd5 Rb8 13. f3 Nxh2 14. Ke2 Nd4+ 15. Kd3 Rh5 16. Be2 Nxe2 17. Kxe2 Nxf3 1/2-1/2

[Event "*** Titled Tuesday Blitz"]
[Site "Chess.com"]
[Date "2020.10.20"]
[Round "4"]
[White "Zmeeed63"]
[Black "Legendinunknown"]
[Result "0-1"]
[WhiteElo "2351"]
[BlackElo "2600"]
[TimeControl "180+1"]
[EndTime "10:37:52 PDT"]
[Termination "Legendinunknown won by resignation"]

1. d4 Nf6 2. c4 g6 3. Nc3 Bg7 4.
Nf3 O-O 5. Bg5 d6 6. e3 c5 7.
Be2 Nc6 8. O-O cxd4 9. exd4 d5 10. Bxf6 exf6 11. Nxd5 f5 12. Qb3 Nxd4 13. Nxd4 Bxd4 14.
Rad1 Bg7 15. Bf3 Qg5 16. Nc7 Rb8 17. Na6 Ra8 18. Bxb7 Bxb7 19. Qxb7 f4 20. Rd3 Rae8 21. c5 Re2 22. b4 Rxa2 23. c6 Qf5 24. Rfd1 Qxd3 0-1

[Event "*** Titled Tuesday Blitz"]
[Site "Chess.com"]
[Date "2020.10.20"]
[Round "4"]
[White "ChessWarrior7197"]
[Black "kuban1991"]
[Result "1/2-1/2"]
[WhiteElo "3011"]
[BlackElo "2816"]
[TimeControl "180+1"]
[EndTime "10:37:54 PDT"]
[Termination "Game drawn by agreement"]

1. d4 g6 2. e4 Bg7 3. Nc3 c6 4. f4 d5 5. e5 Nh6 6. Nf3 O-O 7. Bd3 Bg4 8. O-O f6 9. Be3 Nf5 10. Qd2 Bxf3 11. Rxf3 Nxe3 12. Qxe3 e6 13. Re1 Nd7 14. Ne2 fxe5 15. fxe5 Rxf3 16. Qxf3 Qe7 17. c3 Rf8 18.
Qe3 Qh4 19. g3 Bh6 20. gxh4 Bxe3+ 21. Kg2 c5 22. Rf1 1/2-1/2

[Event "*** Titled Tuesday Blitz"]
[Site "Chess.com"]
[Date "2020.10.20"]
[Round "4"]
[White "jlucasvf"]
[Black "mishanick"]
[Result "0-1"]
[WhiteElo "2789"]
[BlackElo "2995"]
[TimeControl "180+1"]
[EndTime "10:38:02 PDT"]
[Termination "mishanick won by resignation"]

1. g4 d5 2. Bg2 c6 3. h3 e5 4. d4 e4 5. c4 h5 6. g5 Bd6 7. Nc3 Ne7 8. f3 Bg3+ 9. Kf1 exf3 10. Nxf3 Bf5 11. Be3 Nd7 12. Bf2 Bd6 13. e4 dxe4 14.
Nd2 Qc7 15. Bxe4 O-O-O 16. Kg2 Bf4 17. Bxf5 Nxf5 18. Nde4 Ne5 19. b3 Ng6 20. d5 Ngh4+ 21. Kf1 Ne3+ 22. Bxe3 Bxe3 23. d6 Qd7 24. Qd3 Qf5+ 25.
Ke1 Qf3 26. Ne2 Qxh1+ 0-1

[Event "*** Titled Tuesday Blitz"]
[Site "Chess.com"]
[Date "2020.10.20"]
[Round "4"]
[White "slavenok"]
[Black "SergeyKarjakin"]
[Result "1/2-1/2"]
[WhiteElo "2747"]
[BlackElo "2900"]
[TimeControl "180+1"]
[EndTime "10:38:06 PDT"]
[Termination "Game drawn by agreement"]

1. e4 e5 2. d4 exd4 3. Nf3 Nc6 4.
Bc4 Bc5 5. O-O d6 6. h3 Nf6 7. c3 dxc3 8. Nxc3 h6 9. Re1 O-O 10.
Bf4 Bb6 11. e5 dxe5 12. Nxe5 Nd4 13. Rc1 Be6 14. Bxe6 Nxe6 15. Bg3 Qxd1 16. Rcxd1 Rad8 17. Nc4 Rxd1 18. Rxd1 Rd8 19. Rxd8+ Nxd8 20. Nxb6 cxb6 21. Kf1 Nc6 22. Nb5 Ne4 23. Bh2 Kf8 24. f3 a6 25.
fxe4 axb5 26. Bc7 Nb4 27. Bd6+ 1/2-1/2

[Event "*** Titled Tuesday Blitz"]
[Site "Chess.com"]
[Date "2020.10.20"]
[Round "4"]
[White "Roza_Idrisova"]
[Black "AsaHoffmann"]
[Result "0-1"]
[WhiteElo "2174"]
[BlackElo "2395"]
[TimeControl "180+1"]
[EndTime "10:38:07 PDT"]
[Termination "AsaHoffmann won by resignation"]

1. d4 Nf6 2. Nf3 d6 3. c4 c6 4. Nc3 Bf5 5. Bg5 Nbd7 6. e3 e5 7. Be2 Be7 8. h3 h6 9. Bh4 Ne4 10. Bxe7 Qxe7 11. Nxe4 Bxe4 12. O-O O-O 13. Bd3 Bxd3 14.
Qxd3 e4 15. Qb3 exf3 16. Qxb7 fxg2 17. Rfe1 c5 18. Qxg2 Nf6 19. b3 a5 20. Rad1 a4 21. dxc5 dxc5 22. Ra1 Qe5 23. Rad1 axb3 24. axb3 Rab8 25.
Rd3 Qe4 26. Red1 Qxg2+ 27. Kxg2 Rb4 28. Ra1 Rfb8 29. Ra5 Rxb3 30. Rxb3 Rxb3 31. Rxc5 Rb2 32. Kf3 Rxf2+ 33. Kxf2 Ne4+ 34. Kf3 Nxc5 35. Kf4 f6 36. e4 Kf7 37. e5 Nd3+ 38. Ke4 Nxe5 39. c5 Ke6 0-1

[Event "*** Titled Tuesday Blitz"]
[Site "Chess.com"]
[Date "2020.10.20"]
[Round "4"]
[White "UmbertoConcelli"]
[Black "TheCavemanChesss"]
[Result "1-0"]
[WhiteElo "2710"]
[BlackElo "2476"]
[TimeControl "180+1"]
[EndTime "10:38:14 PDT"]
[Termination "UmbertoConcelli won by resignation"]

1. d4 Nf6 2. c4 e6 3. Nf3 d5 4. Nc3 Bb4 5. e3 O-O 6. Bd2 c5 7. dxc5 Nbd7 8. cxd5 exd5 9. Be2 Re8 10. O-O Bxc5 11.
Rc1 Bd6 12. Nb5 Bb8 13. Qc2 Ne4 14. Nc7 Bxc7 15. Qxc7 Nxd2 16. Nxd2 Qf6 17. Bb5 Rd8 18. Nf3 a6 19. Ba4 b5 20. Bb3 Rb8 21. Bxd5 Nb6 22. Bxf7+ Qxf7 23. Qxd8+ 1-0